 Dungeon Crawl Stone Soup version 0.27-a0-1595-g0b823d0a13 (webtiles) character file.

Game seed: 15091464852865374837

1388 pkoi the Grappler (level 8, -10/64 HPs)
             Began as a White Draconian Monk on July 20, 2021.
             Was a Believer of Elyvilon.
             Killed from afar by a gargoyle (23 damage)
             ... with a stone arrow
             ... on level 6 of the Dungeon.
             The game lasted 00:09:39 (7594 turns).

pkoi the Grappler (White Draconian Monk)            Turns: 7594, Time: 00:09:40

Health: -10/64     AC:  8    Str: 16    XL:     8   Next: 40%
Magic:  9/9        EV: 14    Int: 10    God:    Elyvilon [**....]
Gold:   311        SH:  0    Dex: 14    Spells: 7/7 levels left

rFire    . . .     SeeInvis +     - Unarmed
rCold    + . .     Faith    .   (no shield)
rNeg     + . .     Spirit   .   (armour unavailable)
rPois    .         Reflect  .   (helmet restricted)
rElec    .         Harm     .   k - +1 cloak
rCorr    .         Rampage  .   (no gloves)
Will     .....                  (no boots)
Stlth    ++........             (no amulet)
HPRegen  0.20/turn              z - ring of see invisible
MPRegen  0.11/turn              y - ring of positive energy

@: no status effects
A: breathe frost, AC +6, unfitting armour, cold resistance 1, cold-blooded
a: Breathe Frost, Renounce Religion, Lesser Healing, Heal Other, Divine
Protection


You were on level 6 of the Dungeon.
You worshipped Elyvilon.
Elyvilon was pleased with you.
You visited 2 branches of the dungeon, and saw 7 of its levels.

You collected 311 gold pieces.

Inventory:

Missiles
 e - 14 atropa-tipped darts (quivered)
 f - 8 datura-tipped darts
 l - 12 poisoned darts
Armour
 k - a +1 cloak (worn)
Jewellery
 d - a +6 ring of intelligence
 y - a ring of positive energy (right hand)
 z - a ring of see invisible (left hand)
Wands
 p - a wand of polymorph (4)
 w - a wand of iceblast (12)
Scrolls
 a - a scroll of fear {unknown}
 b - 5 scrolls of teleportation
 c - 11 scrolls of identify {unknown}
 i - a scroll of fog {unknown}
 j - 2 scrolls of immolation {unknown}
 o - 3 scrolls of magic mapping {unknown}
 s - a scroll of enchant armour {unknown}
 t - a scroll of amnesia {unknown}
 u - a scroll of holy word {unknown}
 x - a scroll of torment {unknown}
Potions
 g - 2 potions of curing {unknown}
 h - a potion of invisibility {unknown}
 m - a potion of haste {unknown}
 n - 2 potions of heal wounds {unknown}
 q - a potion of might {unknown}
 r - a potion of lignification {unknown}
 v - a potion of attraction {unknown}


   Skills:
 - Level 3.6 Fighting
 - Level 5.3 Dodging
 - Level 1.7 Stealth
 + Level 9.2 Unarmed Combat
 + Level 2.1 Invocations


You had 7 spell levels left.
You didn't know any spells.
Your spell library contained the following spells:

 Spells                   Type           Power      Damage    Failure   Level
 Animate Skeleton         Necr           0%         N/A       36%         1
 Pain                     Necr           0%         1d4       36%         1
 Sting                    Tmut/Pois      0%         1d3       36%         1
 Wereblood                Tmut           0%         N/A       50%         2
 Vampiric Draining        Necr           0%         2d6       75%         3
 Irradiate                Conj/Tmut      0%         3d13      100%        5


Dungeon Overview and Level Annotations

Branches:
Dungeon (6/15)             Temple (1/1) D:6

Altars:
Ashenzari
Cheibriados
Dithmenos
Elyvilon
Fedhas
Gozag
Hepliaklqana
Kikubaaqudgha
Makhleb
Nemelex Xobeh
Okawaru
Qazlal
Ru
Sif Muna
Trog
Uskayaw
Vehumet
Wu Jian
Xom
Yredelemnul
Zin
The Shining One

Shops:
D:2 ?

Annotations:
D:4 2 transporters, Nausicaa's ghost, novice TrMo


Innate Abilities, Weirdness & Mutations

You can breathe waves of freezing cold which knock back foes.
Your icy white scales are hard. (AC +6)
You cannot fit into any form of body armour.
Your flesh is cold resistant. (rC+)
You are cold-blooded and may be slowed by cold attacks.


Message History

Unknown command.
Found a pair of boots.
Found 18 gold pieces.
A gargoyle comes into view. It is wielding a +0 mace.
Found 13 gold pieces and a leather armour.
A bullfrog skeleton comes into view.
Found 19 stones.
You see here 18 gold pieces.
You now have 311 gold pieces (gained 18).
You start waiting.
A gargoyle is nearby!
The gargoyle hurls a stone arrow at you.
The stone arrow misses you.
The gargoyle hurls a stone arrow at you.
The stone arrow misses you.
The gargoyle hurls a stone arrow at you.
The stone arrow hits you!! The gargoyle closely misses you.
You hit the gargoyle but do no damage. You hit the gargoyle but do no damage.
You punch the gargoyle, but do no damage.
The gargoyle completely misses you.
You hit the gargoyle but do no damage. The gargoyle closely misses you.
You hit the gargoyle but do no damage. The gargoyle misses you.
You barely miss the gargoyle.
You tail-slap the gargoyle, but do no damage.
The gargoyle hurls a stone arrow at you.
The stone arrow hits you!!
You hit the gargoyle.
The gargoyle is lightly damaged.
You hit the gargoyle.
The gargoyle is lightly damaged.
The gargoyle hurls a stone arrow at you.
The stone arrow hits you!
* * * LOW HITPOINT WARNING * * *
You hit the gargoyle but do no damage.
The gargoyle is lightly damaged.
The gargoyle hurls a stone arrow at you.
The stone arrow hits you!!
You die...

### #.. #.# ##########
#.####........#
##.##......#...#
#..##.....##$..#
##..#......##...'. ####.
..#####...9....####...#...
..... [........@######
#...##.. ...^. ..#####.###
#Z..# #[ ####. #)# #...# #
#)# # #.# .. #.#####.# ..
........### .. ...###....#
.. #...#.# ############


You could see a gargoyle.

Vanquished Creatures
  A black bear (D:5)
  2 ice beasts
  2 necrophages
  An ogre (D:5)
  A centaur (D:5)
  A kobold brigand (D:6)
  2 scorpions
  A bullfrog zombie (D:6)
  A hound (D:4)
  2 bullfrog skeletons
  3 jellies
  Jessica (D:3)
  2 iguanas
  An orc wizard (D:6)
  2 hound skeletons (D:5)
  Robin (D:2)
  6 gnolls
  4 adders
  2 worms (D:3)
  2 dart slugs
  7 orcs
  4 endoplasms
  2 giant cockroaches
  15 goblins
  6 hobgoblins
  18 jackals
  4 quokkas
  8 ball pythons
  5 bats
  5 frilled lizards
  12 kobolds
  6 rats
130 creatures vanquished.

Vanquished Creatures (others)
  An orc wizard (D:6)
  6 plants (D:4)
7 creatures vanquished.

Grand Total: 137 creatures vanquished

Notes
Turn   | Place    | Note
-------+----------+-------------------------------------------
     0 | D:1      | pkoi the Draconian Monk began the quest for the Orb.
     0 | D:1      | Reached XP level 1. HP: 19/19 MP: 1/1
   182 | D:1      | You fall into a shaft and drop 1 floor!
   186 | D:2      | Reached XP level 2. HP: 23/26 MP: 2/2
   271 | D:2      | Found Gibruh's Magic Scroll Shoppe.
   722 | D:1      | Reached skill level 4 in Unarmed Combat
  1357 | D:2      | Reached XP level 3. HP: 26/31 MP: 3/3
  1850 | D:2      | Noticed Robin
  2214 | D:2      | Found a faded altar of an unknown god.
  2468 | D:2      | Killed Robin
  2469 | D:2      | Reached skill level 5 in Unarmed Combat
  2469 | D:2      | Reached XP level 4. HP: 29/38 MP: 4/4
  3197 | D:2      | Reached XP level 5. HP: 33/45 MP: 5/5
  3910 | D:3      | Noticed Jessica
  3914 | D:3      | Killed Jessica
  4546 | D:4      | Found an ornate altar of the Wu Jian Council.
  4558 | D:4      | Reached skill level 6 in Unarmed Combat
  4893 | D:4      | Found a transporter.
  4902 | D:4      | Noticed Nausicaa's ghost (novice TrMo)
  4923 | D:4      | Reached XP level 6. HP: 51/51 MP: 6/6
  4990 | D:4      | Found a transporter.
  5070 | D:5      | Entered Level 5 of the Dungeon
  5543 | D:5      | Reached skill level 7 in Unarmed Combat
  5563 | D:5      | Your scales start taking on an icy white colour.
  5563 | D:5      | Reached XP level 7. HP: 29/57 MP: 7/7
  5563 | D:5      | Gained mutation: Your flesh is cold resistant. (rC+) [White
                  | Draconian growth]
  6228 | D:5      | Got the Guide on Shifting Toxins
  6461 | D:5      | Reached skill level 8 in Unarmed Combat
  6614 | D:6      | Reached skill level 5 in Dodging
  6615 | D:6      | Reached XP level 8. HP: 48/64 MP: 8/8
  6986 | D:6      | Found a staircase to the Ecumenical Temple.
  6997 | Temple   | Entered the Ecumenical Temple
  7311 | Temple   | Became a worshipper of Elyvilon the Healer
  7311 | Temple   | Reached * piety under Elyvilon
  7311 | Temple   | Reached ** piety under Elyvilon
  7332 | D:6      | Reached skill level 9 in Unarmed Combat
  7332 | D:6      | Reached skill level 1 in Invocations
  7381 | D:6      | Noticed a cyclops
  7566 | D:6      | Noticed a gargoyle
  7594 | D:6      | Killed from afar by a gargoyle

Illustrated notes

Levels and vault maps discovered:
D:1:      dpeg_arrival_solitude, layout_loops_cross, minivault_25, st_stairs_13
D:2:      layout_loops_ring, shapermc_ecumenical_altar_hornbeckon, serial_shops,
          nicolae_shop_crystal, uniq_robin
D:3:      layout_basic, moated_statue, uniq_jessica
D:4:      layout_basic, nicolae_wu_jian_wuxing_cycle,
          gammafunk_ghost_gnarly_gnolls
D:5:      layout_loops_ring
D:6:      minmay_opposing_rooms, layout_rooms, minmay_temple_entry_waves
Temple:   nicolae_temple_the_god_donut

Skill      XL: |  1  2  3  4  5  6  7  8 |
---------------+-------------------------+-----
Unarmed Combat | 4 5 6 7 8 9 |  9.2
Dodging        | 3 4 5 |  5.3
Invocations    | 2 |  2.1
Fighting       | |  3.6
Stealth        | |  1.7

Action                   |  1- 3 |  4- 6 |  7- 9 || total
-------------------------+-------+-------+-------++-------
Melee: Unarmed           |   145 |   230 |   134 ||   509
       Tailslap          |    17 |    26 |    21 ||    64
       Punch             |     1 |     7 |     7 ||    15
Throw: Dart              |     1 |       |       ||     1
  Use: Scroll            |     1 |       |       ||     1
 Stab: Sleeping          |     5 |     2 |     1 ||     8
       Distracted        |     1 |     1 |       ||     2
Armor: Skin              |    43 |    93 |    32 ||   168
Dodge: Dodged            |    82 |   139 |    66 ||   287

Table legend: (Time is in decaauts)
 A = Elapsed time spent in this place.
 B = Non-inter-level travel time spent in this place.
 C = Inter-level travel time spent in this place.
 D = Time resting spent in this place.
 E = Time spent auto-exploring this place.
 F = Levels seen in this place.
 G = Mean time per level.
                   A        B        C        D        E       F      G
               +--------+--------+--------+--------+--------+-----+--------+
         Total |   7551 |   7315 |    236 |   2421 |   3586 |   7 | 1078.7 |
       Dungeon |   7231 |   7012 |    219 |   2421 |   3336 |   6 | 1205.2 |
        Temple |    320 |    303 |     17 |      0 |    250 |   1 |  320.0 |
               +--------+--------+--------+--------+--------+-----+--------+

Top non-repeatable levels by time:
     D:1: 1769 daAuts
     D:2: 1634 daAuts
     D:5: 1223 daAuts
     D:3: 1038 daAuts
     D:4: 842 daAuts
     D:6: 723 daAuts
  Temple: 320 daAuts
